 Dungeon Crawl Stone Soup version 0.24.0-13-gcf9b319 (webtiles) character file.

Game seed: 5369869853490840462, levelgen mode: deterministic

602 Fang the Covered (level 7, 0/44 HPs)
             Began as a Gargoyle Fighter on Dec 13, 2019.
             Killed by divine providence
             ... invoked by an orc priest
              (11 damage)
             ... on level 4 of the Dungeon.
             The game lasted 00:02:37 (2581 turns).

Fang the Covered (Gargoyle Fighter)                 Turns: 2581, Time: 00:02:38

Health: 0/44       AC: 17    Str: 21    XL:     7   Next: 41%
Magic:  7/7        EV:  6    Int:  9    God:
Gold:   127        SH: 10    Dex:  9    Spells: 6/6 levels left

rFire    . . .     SeeInvis +   a - +0 war axe
rCold    + . .     Gourm    .   B - +0 shield
rNeg     + . .     Faith    .   b - +0 chain mail
rPois    ∞         Spirit   .   (no helmet)
rElec    +         Reflect  .   (no cloak)
rCorr    .         Harm     .   k - +1 pair of gloves
MR       .....                  (no boots)
Stlth    ..........             (no amulet)
HPRegen  0.14/turn              h - ring of protection from cold
MPRegen  0.10/turn              q - ring of see invisible

@: no status effects
A: negative energy resistance 1, electricity resistance, unbreathing,
petrification resistance, rot immunity, AC +4
a: no special abilities


You were on level 4 of the Dungeon.
You were not hungry.

You visited 1 branch of the dungeon, and saw 4 of its levels.

You collected 127 gold pieces.

Inventory:

Hand Weapons
 a - a +0 war axe (weapon)
Armour
 b - a +0 chain mail (worn)
 k - a +1 pair of gloves (worn)
 B - a +0 shield (worn)
Jewellery
 h - a ring of protection from cold (left hand)
 q - a ring of see invisible (right hand)
Scrolls
 e - 5 scrolls of identify {unknown}
 g - 2 scrolls of teleportation {unknown}
 i - a scroll of amnesia {unknown}
 j - a scroll of enchant armour {unknown}
 o - 2 scrolls of enchant weapon {unknown}
 p - a scroll of random uselessness {unknown}
 s - a scroll of remove curse {unknown}
Potions
 d - a potion of might
 f - 2 potions of lignification {unknown}
 l - a potion of degeneration {unknown}
 m - 2 potions of magic {unknown}
 n - a potion of berserk rage {unknown}
 r - 3 potions of ambrosia {unknown}
 u - a potion of invisibility {unknown}
 v - 3 potions of heal wounds {unknown}
 w - a potion of resistance {unknown}
 x - a potion of curing {unknown}
Comestibles
 c - 2 rations
 t - 6 chunks of flesh


   Skills:
 + Level 5.3 Fighting
 + Level 3.8 Axes
 + Level 5.4 Armour
 + Level 5.3 Shields


You had 6 spell levels left.
You didn't know any spells.
Your spell library was empty.

Dungeon Overview and Level Annotations

Branches:
Dungeon (4/15)
 Temple: D:4-7

Altars:
Fedhas
Nemelex Xobeh
Qazlal
Ru

Shops:
D:4 (


Innate Abilities, Weirdness & Mutations

You are resistant to torment.
Your stone body is resilient. (AC +4)
You are immune to poison.
You resist negative energy. (rN+)
You are resistant to electric shocks. (rElec)
You can survive without breathing.
You are immune to petrification.
You are immune to rotting.


Message History

You closely miss the orc priest.
The orc priest is almost dead.
The orc priest hits you but does no damage.
The orc priest mumbles some strange prayers to Beogh against you.
Beogh smites you!
* * * LOW HITPOINT WARNING * * *
Your chain mail prevents you from hitting the orc priest.
The orc priest is almost dead.
The orc priest begins to cast a cantrip, but forgets the words!
Your chain mail prevents you from hitting the orc priest.
The orc priest is almost dead.
The orc priest hits you but does no damage. x2
You hit the orc priest but do no damage.
The orc priest is almost dead.
The orc priest hits you but does no damage.
You closely miss the orc priest.
The orc priest is almost dead.
The orc priest mumbles some strange prayers to Beogh against you.
Beogh smites you!
You die...

.####.#
.##...#######
.##..........
.##....#####.
.##....#####.
.##...##...#. ####
....<.##.#.#.###..
#...#.##.#.#..##o# #
###...##÷#.##.##@#.#
#######.#.##.#....#
#.......#.......###
#.##########.#.##
##.# #.#.# ...#
#.#.# #### #.#.#
#.#.# #...#


You could see an orc priest.

Vanquished Creatures
  Sigmund (D:2)
  A sky beast (D:2)
  A scorpion (D:4)
  A howler monkey (D:4)
  A hound (D:4)
  A bullfrog skeleton (D:3)
  An iguana (D:4)
  3 worker ants
  2 adders
  4 worms
  2 dart slugs (D:3)
  4 leopard geckos
  2 orcs (D:4)
  A ball python (D:4)
  3 giant cockroaches
  10 goblins
  6 hobgoblins
  2 jackals (D:3)
  4 quokkas
  4 bats
  3 frilled lizards
  13 kobolds
  8 rats
78 creatures vanquished.

Notes
Turn   | Place    | Note
-------+----------+-------------------------------------------
     0 | D:1      | Fang the Gargoyle Fighter began the quest for the Orb.
     0 | D:1      | Reached XP level 1. HP: 14/14 MP: 1/1
   119 | D:1      | Reached XP level 2. HP: 19/19 MP: 2/2
   307 | D:1      | Found a sparkling altar of Nemelex Xobeh.
   713 | D:2      | Reached XP level 3. HP: 20/24 MP: 3/3
   759 | D:2      | Noticed Sigmund
   771 | D:2      | Killed Sigmund
   771 | D:2      | Reached XP level 4. HP: 16/30 MP: 4/4
   771 | D:2      | Reached XP level 5. HP: 18/34 MP: 5/5
   814 | D:2      | Found a stormy altar of Qazlal.
  1056 | D:2      | Noticed a sky beast
  1111 | D:2      | Killed a sky beast
  1111 | D:2      | Reached XP level 6. HP: 16/39 MP: 6/6
  1661 | D:3      | Reached skill level 5 in Fighting
  1661 | D:3      | Reached skill level 5 in Armour
  1699 | D:3      | Found a blossoming altar of Fedhas.
  1855 | D:3      | Found a sacrificial altar of Ru.
  2272 | D:4      | Reached skill level 5 in Shields
  2272 | D:4      | Reached XP level 7. HP: 44/44 MP: 7/7
  2333 | D:4      | Found Hubaen's Antique Weapon Shop.
  2581 | D:4      | Killed from afar by an orc priest

Levels and vault maps discovered:
D:1:      minmay_arrival_up_and_down, layout_loops_cross,
          minmay_misc_feat_nine_boxes, nemelex_diamond_rough_becter
D:2:      layout_rooms, old_standard_altar, uniq_sigmund
D:3:      layout_basic, nicolae_ru_awakened_eye, fedhas_altar_4
D:4:      layout_basic, serial_shops, nicolae_shop_trees, first_ration

Skill      XL: |  1  2  3  4  5  6 |
---------------+-------------------+-----
Axes           | 2 3 |  3.8
Fighting       | 4 5 |  5.3
Armour         | 4 5 |  5.4
Shields        | 4 5 |  5.3

Action                   |  1- 3 |  4- 6 |  7- 9 || total
-------------------------+-------+-------+-------++-------
Melee: War axe           |   104 |   206 |    70 ||   380
  Eat: Chunk             |       |     5 |     1 ||     6
Armor: Scale mail        |    51 |       |       ||    51
       Chain mail        |     7 |   142 |    49 ||   198
       Skin              |     1 |       |       ||     1
Dodge: Dodged            |    38 |    40 |    14 ||    92
Block: Shield            |    55 |   113 |    32 ||   200
